 Dungeon Crawl Stone Soup version 0.30-a0-857-gcaf70739d4 (webtiles) character file.

Game seed: 811622588783629281

167 Rocko1345 the Chopper (level 5, -2/47 HPs)
             Began as a Hill Orc Monk on Mar 6, 2023.
             Was a Believer of Beogh.
             Slain by an orc priest
             ... wielding a +0 hand axe
              (4 damage)
             ... on level 4 of the Dungeon.
             The game lasted 00:07:29 (2577 turns).

Rocko1345 the Chopper (Hill Orc Monk)               Turns: 2577, Time: 00:07:29

Health: -2/47      AC: 12    Str: 22    XL:     5   Next: 48%
Magic:  2/5        EV:  3    Int: 10    God:    Beogh [**....]
Gold:   182        SH: 11    Dex: 13    Spells: 4/4 levels left

rFire   . . .      SeeInvis .    a - +0 hand axe
rCold   . . .      Faith    .    s - +0 tower shield
rNeg    . . .      Spirit   .    n - +0 plate armour
rPois   .          Reflect  .    (no helmet)
rElec   .          Rampage  .    t - +1 cloak
rCorr   .                        (no gloves)
Will    .....                    (no boots) Stlth
                                 (no amulet)
HPRegen 0.27/turn                p - +6 ring of strength
MPRegen 0.09/turn                j - ring of wizardry

@: no status effects
A: no striking features
a: Renounce Religion, Smiting


You were on level 4 of the Dungeon.
You worshipped Beogh.
Beogh was pleased with you.
You visited 1 branch of the dungeon, and saw 4 of its levels.

You collected 182 gold pieces.

Inventory:

Hand Weapons
 a - a +0 hand axe (weapon)
 l - a +0 sling
 v - a +0 glaive
Missiles
 d - 4 datura-tipped darts (quivered)
Armour
 b - a +0 robe
 g - a +0 leather armour
 n - a +0 plate armour (worn)
 s - a +0 tower shield (worn)
 t - a +1 cloak (worn)
Jewellery
 j - a ring of wizardry (right hand)
 p - a +6 ring of strength (left hand)
Scrolls
 i - 2 scrolls of amnesia
 o - a scroll of teleportation {unknown}
 q - a scroll of vulnerability {unknown}
 r - a scroll of poison {unknown}
Potions
 c - a potion of ambrosia
 e - a potion of flight
 f - a potion of heal wounds {unknown}
 h - 2 potions of berserk rage
 m - a potion of cancellation {unknown}
 u - a potion of lignification


   Skills:
 + Level 4.6 Fighting
 + Level 5.6 Axes
 + Level 1.5 Armour
 + Level 2.7 Dodging
 + Level 1.9 Stealth
 * Level 2.0 Shields


You had 4 spell levels left.
You didn't know any spells.
Your spell library contained the following spells:

 Spells                   Type           Power      Damage    Failure   Level
 Call Canine Familiar     Summ           0%         N/A       100%        3
 Portal Projectile        Hex/Tloc       0%         N/A       100%        3
 Leda's Liquefaction      Hex/Erth       0%         N/A       100%        4


Dungeon Overview and Level Annotations

Branches:
Dungeon (4/15)
 Temple: D:4-7

Altars:


Message History

You hit the jackal.
You kill the jackal!
Beogh accepts your kill.
You hit the jackal.
You kill the jackal!
Beogh accepts your kill.
The orc priest hits you with a +0 hand axe.
You block something's attack. The orc hits you but does no damage.
You hit the orc priest.
The orc priest is severely wounded.
You miss something. You hit the orc.
The orc priest hits you but does no damage.
The orc hits you with a +0 dagger. Something hits you but does no damage.
You hit the orc priest.
The orc priest is almost dead.
You hit something. Beogh accepts your kill.
Reactivating autopickup.
You feel a bit more experienced.
You hit the orc. You block the orc's attack.
The orc priest hits you with a +0 hand axe.
You block the orc's attack.
The orc priest invokes the aid of Beogh against you.
Beogh smites you!
* * * LOW HITPOINT WARNING * * *
Your Shields skill increases to level 2!
You hit the orc priest but do no damage.
The orc priest is almost dead.
You hit the orc.
You kill the orc!
Beogh accepts your kill.
The orc priest hits you but does no damage.
You barely miss the orc priest.
The orc priest is severely wounded.
The orc priest hits you but does no damage.
You block the orc priest's attack.
You hit the orc priest.
The orc priest is almost dead.
The orc priest hits you with a +0 hand axe.
You die...
Beogh appreciates the orc priest's killing of a heretic priest.

##...# ....# #...##
+.$..# #.$..### ###.
+..!...#.....
#.o))#.#...# #
########..@>......#..
#..........†.......#
#<######...#.##..##.
#...#............#
###.#..........#.##.#
#.#.#..............#
#####.#.#.........##..##
#....†..#.........# ..#
#.#.#####.........## .#


You could see an orc priest.

Vanquished Creatures
  Terence (D:3)
  An orc wizard (D:4)
  2 adders
  3 dart slugs
  10 orcs
  4 bats
  6 endoplasms
  7 goblins
  7 hobgoblins
  14 jackals
  4 quokkas
  5 ball pythons
  4 frilled lizards
  4 kobolds
  4 rats
76 creatures vanquished.

Vanquished Creatures (others)
  4 orcs (D:3)
  A ball python (D:3)
  A frilled lizard (D:3)
6 creatures vanquished.

Grand Total: 82 creatures vanquished

Notes
Turn   | Place    | Note
-------+----------+-------------------------------------------
     0 | D:1      | Rocko1345 the Hill Orc Monk began the quest for the Orb.
     0 | D:1      | Reached XP level 1. HP: 19/19 MP: 1/1
   193 | D:1      | Reached XP level 2. HP: 19/27 MP: 2/2
   706 | D:1      | Reached XP level 3. HP: 29/33 MP: 3/3
  1488 | D:2      | Reached skill level 5 in Axes
  1492 | D:2      | Reached XP level 4. HP: 40/41 MP: 4/4
  1804 | D:3      | Noticed Terence
  1823 | D:3      | Killed Terence
  1824 | D:3      | Reached skill level 1 in Armour
  1908 | D:3      | Became a worshipper of Beogh the Brigand
  1908 | D:3      | Reached * piety under Beogh
  1908 | D:3      | Reached ** piety under Beogh
  2104 | D:3      | Reached skill level 1 in Shields
  2125 | D:3      | Reached XP level 5. HP: 14/47 MP: 5/5
  2574 | D:4      | HP: 1/47 [orc priest/divine providence (16)]
  2577 | D:4      | Slain by an orc priest

Illustrated notes

Levels and vault maps discovered:
D:1:      reono_arrival_forest_river, layout_loops_corners
D:2:      layout_loops_cross
D:3:      layout_rooms, uniq_terence
D:4:      layout_basic, minmay_temple_entry_glassed_door, serial_shops,
          nicolae_shop_behind_doors, minmay_pentomino_pile

Skill      XL: |  1  2  3  4  5 |
---------------+----------------+-----
Fighting       | 4 |  4.6
Axes           | 5 |  5.6
Armour         | 1 |  1.5
Shields        | 1 2 |  2.0
Dodging        | |  2.7
Stealth        | |  1.9

Action                     |  1- 3 |  4- 6 || total
---------------------------+-------+-------++-------
  Melee: Hand axe          |   111 |   118 ||   229
 Invoke: Convert to Beogh  |       |     1 ||     1
         Smiting           |       |     1 ||     1
    Use: Scroll            |     2 |     2 ||     4
         Potion            |       |     1 ||     1
   Stab: Sleeping          |     3 |       ||     3
 Armour: Robe              |     3 |       ||     3
         Leather armour    |     8 |       ||     8
         Plate armour      |    34 |   143 ||   177
  Dodge: Dodged            |    45 |    11 ||    56
  Block: Tower shield      |       |   130 ||   130

Table legend: (Time is in decaauts)
 A = Elapsed time spent in this place.
 B = Non-inter-level travel time spent in this place.
 C = Inter-level travel time spent in this place.
 D = Time resting spent in this place.
 E = Time spent auto-exploring this place.
 F = Levels seen in this place.
 G = Mean time per level.
                   A        B        C        D        E       F      G
               +--------+--------+--------+--------+--------+-----+--------+
         Total |   2650 |   2441 |    209 |    211 |   1487 |   4 |  662.5 |
       Dungeon |   2650 |   2441 |    209 |    211 |   1487 |   4 |  662.5 |
               +--------+--------+--------+--------+--------+-----+--------+

Top non-repeatable levels by time:
     D:1: 1067 daAuts
     D:2: 754 daAuts
     D:3: 727 daAuts
     D:4: 100 daAuts
